 Dungeon Crawl Stone Soup version 0.21.1-1-g345015f (webtiles) character file.

702 Falque the Cleaver (level 7, -1/62 HPs)
             Began as a Hill Orc Berserker on Mar 15, 2018.
             Was a Believer of Trog.
             Killed by nerve-wracking pain
             ... invoked by Grinder
              (10 damage)
             ... on level 5 of the Dungeon.
             The game lasted 00:23:46 (3851 turns).

Falque the Cleaver (Hill Orc Berserker)             Turns: 3851, Time: 00:23:47

Health: -1/62      AC: 13    Str: 27    XL:     7   Next: 66%
Magic:  7/7        EV:  9    Int: 11    God:    Trog [**....]
Gold:   151        SH:  5    Dex: 10    Spells: 6/6 levels left

rFire    . . .     SeeInvis .   a - +0 hand axe
rCold    . . .     Gourm    .   (no shield)
rNeg     . . .     Faith    .   o - +3 chain mail {MR+}
rPois    .         Spirit   .   (no helmet)
rElec    .         Reflect  +   (no cloak)
rCorr    .         Harm     .   r - +0 pair of gloves
MR       +....                  (no boots)
Stlth    ..........             d - +5 amulet of reflection
HPRegen  0.20/turn              g - +4 ring of intelligence
MPRegen  0.10/turn              (no ring)

@: mighty, berserk cooldown, slowed, drained, very slow
A: no striking features
a: Berserk, Trog's Hand, Burn Spellbooks, Renounce Religion


You were on level 5 of the Dungeon.
You worshipped Trog.
Trog was pleased with you.
You were not hungry.

You visited 1 branch of the dungeon, and saw 5 of its levels.

You collected 151 gold pieces.

Inventory:

Hand Weapons
 a - a +0 hand axe (weapon)
 n - a +0 mace of holy wrath
Missiles
 e - 84 stones (quivered)
 j - 47 sling bullets
Armour
 b - a +0 animal skin
 f - a +0 ring mail
 o - a +3 chain mail of magic resistance (worn)
 r - a +0 pair of gloves (worn)
Jewellery
 d - a +5 amulet of reflection (around neck)
 g - a +4 ring of intelligence (left hand)
Wands
 m - a wand of flame (25)
 s - a wand of digging (20)
Scrolls
 i - 2 scrolls of identify
 l - a scroll of magic mapping
Comestibles
 c - 4 rations


   Skills:
 + Level 5.7(4.6) Fighting
 + Level 8.0(6.8) Axes
 + Level 0.2(0.0) Throwing
 + Level 5.1(4.0) Armour
 + Level 2.1(1.1) Dodging
 + Level 0.8(0.0) Stealth


You had 6 spell levels left.
You didn't know any spells.

Dungeon Overview and Level Annotations

Branches:
Dungeon (5/15)             Temple (0/1) D:4

Altars:
Cheibriados
Okawaru
Uskayaw

Annotations:
D:5 Grinder; TOTEGE's ghost, novice TrBe


Message History

TOTEGE's ghost hits you but does no damage.
You closely miss TOTEGE's ghost.
TOTEGE's ghost is severely damaged.
TOTEGE's ghost barely misses you.
Your chain mail prevents you from hitting TOTEGE's ghost.
TOTEGE's ghost is severely damaged.
TOTEGE's ghost closely misses you. TOTEGE's ghost misses you.
Your skin stops crawling.
You feel less resistant to hostile enchantments.
You hit TOTEGE's ghost.
TOTEGE's ghost is severely damaged.
You slash Grinder! TOTEGE's ghost misses you. Grinder hits you.
* * * LOW HITPOINT WARNING * * *
You writhe in agony.
* * * LOW HITPOINT WARNING * * *
TOTEGE's ghost barely misses you.
You feel a little less agile now. Grinder gestures at you.
Pain shoots through your body!
You die...

....... ...
......5 ... ..
...((c. .... ..
....... ....#
##. .......
#.... #..
#......
#....##.######
###....
#............#
#####
#......@.....##
......W5......#
..............#
..............#
#####
..............#
###....
..............#
##......
.............##
#.......
......)......#
##.......
......).....##
#........


You could see Grinder and TOTEGE's ghost.

Vanquished Creatures
  Edmund (D:4)
  A phantom (D:4)
  A centaur (D:5)
  A scorpion (D:4)
  A hound (D:4)
  Ijyb (D:5)
  Terence (D:3)
  An orc wizard (D:5)
  2 worker ants (D:4)
  2 iguanas
  3 gnolls (D:3)
  6 adders
  A shadow imp (D:5)
  An ooze (D:3)
  An adder skeleton (D:4)
  2 worms
  A dart slug (D:1)
  3 leopard geckos
  3 orcs (D:5)
  3 bats
  8 giant cockroaches
  6 goblins
  4 hobgoblins
  6 jackals
  3 kobolds
  A quokka (D:2)
  A ball python (D:3)
  4 frilled lizards
  A jackal skeleton (D:4)
  8 rats
  3 fungi (D:1)
  7 plants (D:4)
88 creatures vanquished.

Notes
Turn   | Place    | Note
-------+----------+-------------------------------------------
     0 | D:1      | Falque the Hill Orc Berserker began the quest for the Orb.
     0 | D:1      | Reached XP level 1. HP: 19/19 MP: 1/1
   151 | D:1      | Reached XP level 2. HP: 20/27 MP: 2/2
   576 | D:1      | Reached XP level 3. HP: 33/33 MP: 3/3
   746 | D:2      | Found a hide-covered altar of Uskayaw.
   807 | D:2      | Reached skill level 5 in Axes
   813 | D:2      | Found a snail-covered altar of Cheibriados.
   985 | D:2      | Reached XP level 4. HP: 30/41 MP: 4/4
  1383 | D:3      | Reached ** piety under Trog
  1436 | D:3      | Noticed Terence
  1696 | D:3      | Killed Terence
  2043 | D:3      | Reached XP level 5. HP: 38/47 MP: 5/5
  2361 | D:3      | Reached skill level 6 in Axes
  2787 | D:4      | Found an iron altar of Okawaru.
  2857 | D:4      | Noticed a phantom
  2905 | D:4      | Killed a phantom
  2905 | D:4      | Reached XP level 6. HP: 49/55 MP: 6/6
  2924 | D:4      | Found a staircase to the Ecumenical Temple.
  3133 | D:4      | Reached skill level 5 in Fighting
  3139 | D:4      | Reached skill level 7 in Axes
  3204 | D:4      | Found a sand-covered staircase.
  3414 | D:4      | Noticed Edmund
  3432 | D:4      | Killed Edmund
  3432 | D:4      | Reached XP level 7. HP: 36/61 MP: 7/7
  3632 | D:5      | Entered Level 5 of the Dungeon
  3659 | D:5      | Noticed Ijyb
  3692 | D:5      | Killed Ijyb
  3740 | D:5      | Noticed Grinder
  3768 | D:5      | Reached skill level 8 in Axes
  3775 | D:5      | Paralysed by Grinder for 7 turns
  3810 | D:5      | Paralysed by Grinder for 2 turns
  3821 | D:5      | Noticed TOTEGE's ghost (novice TrBe)
  3835 | D:5      | Reached skill level 5 in Armour
  3843 | D:5      | HP: 2/62 [TOTEGE's ghost (16)]
  3851 | D:5      | Killed from afar by Grinder

Skill      XL: |  1  2  3  4  5  6  7 |
---------------+----------------------+-----
Fighting       | 4 5 |  5.7
Axes           | 5 6 7 8 |  8.0
Armour         | 4 5 |  5.1
Dodging        | 2 |  2.1
Throwing       | |  0.2
Stealth        | |  0.8

Action                   |  1- 3 |  4- 6 |  7- 9 || total
-------------------------+-------+-------+-------++-------
Melee: Hand axe          |   140 |   374 |    47 ||   561
Throw: Stone             |     1 |     2 |       ||     3
Invok: Berserk           |     1 |     3 |     2 ||     6
       Trog's Hand       |       |       |     1 ||     1
  Use: Scroll            |     1 |     6 |     2 ||     9
       Potion            |       |       |     4 ||     4
  Eat: Chunk             |     1 |     1 |     1 ||     3
       Ration            |       |     3 |     1 ||     4
Armor: Animal skin       |     4 |       |       ||     4
       Ring mail         |    23 |    27 |       ||    50
       Chain mail        |       |    84 |    37 ||   121
Dodge: Dodged            |    54 |    97 |    34 ||   185
Block: Other             |       |    29 |    12 ||    41
       Reflection        |       |     1 |     5 ||     6
